 Dungeon Crawl Stone Soup version 0.28.0-43-g3370ac3207 (webtiles) character file.

Game seed: 17490873103664120139

3722 Pemander the Unseen (level 9, 0/41 HPs)
             Began as a Felid Enchanter on Mar 16, 2022.
             Was a Believer of Dithmenos.
             Slain by a vampire mosquito (2 damage)
             ... on level 10 of the Dungeon.
             The game lasted 00:37:00 (17662 turns).

Pemander the Unseen (Felid Enchanter)              Turns: 17662, Time: 00:37:01

Health: 0/41       AC:  2    Str:  4    XL:     9   Next: 92%
Magic:  17/17      EV: 26    Int: 18    God:    Dithmenos [**....]
Gold:   1401       SH:  5    Dex: 20    Spells: 8/18 levels left
                                        Lives:  0   Deaths: 2

rFire   . . .      SeeInvis +     - Unarmed
rCold   . . .      Faith    .   (shield unavailable)
rNeg    . . .      Spirit   .   (armour unavailable)
rPois   .          Reflect  +   (helmet unavailable)
rElec   .          Harm     .   (cloak unavailable)
rCorr   +          Rampage  .   (gloves unavailable)
Will    +....                   (boots unavailable)
Stlth   ++++++++..              l - amulet of reflection
HPRegen 0.13/turn               e - ring of resist corrosion
MPRegen 0.15/turn               (no ring)

@: wreathed by umbra, quick
A: very small, claws 1, fangs 3, see invisible, speed 1, shaggy fur 2, stealthy
paws, no weapons or thrown items, no armour, multi-lived
a: Renounce Religion, Shadow Step


You were on level 10 of the Dungeon.
You worshipped Dithmenos.
Dithmenos was pleased with you.
You visited 2 branches of the dungeon, and saw 13 of its levels.
You also visited: Bailey.

You collected 1401 gold pieces.

Inventory:

Jewellery
 e - a ring of resist corrosion (left paw)
 l - an amulet of reflection (around neck)
 u - the macabre finger necklace {rN+}
   (You found it in a bailey)

   [amulet of nothing]

   It enables you to equip an extra ring.
   rN:        It protects you from negative energy.
Wands
 g - a wand of flame (7)
 o - a wand of iceblast (10)
 p - a wand of paralysis (8)
 r - a wand of acid (4)
 x - a wand of digging (7)
 A - a wand of charming (3)
Scrolls
 k - a scroll of brand weapon {unknown}
 m - 3 scrolls of torment
 n - 2 scrolls of fog {unknown}
 q - 4 scrolls of immolation {unknown}
 s - 8 scrolls of identify
 w - 2 scrolls of magic mapping {unknown}
 y - a scroll of teleportation
 B - a scroll of blinking {unknown}
Potions
 b - a potion of lignification
 c - a potion of cancellation {unknown}
 d - a potion of flight
 f - 2 potions of attraction {unknown}
 h - 2 potions of curing {unknown}
 i - 2 potions of might
 j - 3 potions of brilliance
 t - a potion of haste {unknown}
 v - a potion of resistance {unknown}
 z - a potion of magic {unknown}


   Skills:
 - Level 5.6 Fighting
 - Level 11.0 Dodging
 + Level 15.6 Stealth
 - Level 7.0 Unarmed Combat
 - Level 5.2 Spellcasting
 - Level 7.6 Hexes


You had 8 spell levels left.
You knew the following spells:

 Your Spells              Type           Power      Damage    Failure   Level
a - Ensorcelled Hibernat  Hex/Ice        36%        N/A       4%          2
b - Confusing Touch       Hex            32%        N/A       1%          3
c - Tukima's Dance        Hex            32%        N/A       1%          3
d - Blink                 Tloc           8%         N/A       21%         2

Your spell library contained the following spells:

 Spells                   Type           Power      Damage    Failure   Level
 Dazzling Flash           Conj/Hex       36%        N/A       9%          3
 Gell's Gravitas          Tloc           4%         N/A       36%         3
 Lesser Beckoning         Tloc           4%         N/A       36%         3
 Teleport Other           Tloc           4%         N/A       36%         3
 Metabolic Englaciation   Hex/Ice        9%         N/A       58%         5
 Animate Dead             Necr           2%         N/A       78%         4
 Petrify                  Tmut/Erth      4%         N/A       78%         4
 Summon Lightning Spire   Summ/Air       4%         N/A       78%         4
 Blade Hands              Tmut           2%         N/A       98%         5
 Iskenderun's Battlesphe  Conj           4%         2d6       98%         5
 Manifold Assault         Tloc           4%         N/A       98%         5
 Dispersal                Tloc           2%         N/A       100%        6
 Iron Shot                Conj/Erth      2%         9d2       100%        6
 Statue Form              Tmut/Erth      2%         N/A       100%        6
 Haunt                    Necr/Summ      2%         N/A       100%        7
 Spellforged Servitor     Conj/Summ      2%         N/A       100%        7
 Storm Form               Tmut/Air       2%         N/A       100%        7
 Infestation              Necr           2%         N/A       100%        8
 Maxwell's Capacitive Co  Air            2%         ∞         100%        8
 Portal Projectile        Hex/Tloc       Unusable   N/A       N/A         3
 Excruciating Wounds      Necr           Unusable   N/A       N/A         5

Dungeon Overview and Level Annotations

Branches:
Dungeon (12/15)            Temple (1/1) D:6            Lair (0/6) D:9
 Bailey (visited)
    Orc: D:9-12

Altars:
Ashenzari
Cheibriados
Dithmenos
Elyvilon
Fedhas
Gozag
Hepliaklqana
Kikubaaqudgha
Makhleb
Nemelex Xobeh
Okawaru
Qazlal
Ru
Sif Muna
Trog
Uskayaw
Vehumet
Wu Jian
Xom
Yredelemnul
Zin
The Shining One

Annotations:
D:3 Sigmund
D:4 exclusion: downstairs
D:5 2 transporters, Ekaitz's ghost, amateur DsEE
D:11 5 runed translucent doors, Jingleheimer's ghost, journeyman GnWn


Innate Abilities, Weirdness & Mutations

You have sharp claws.
You have razor-sharp teeth.
You have supernaturally acute eyesight. (SInv)
You cover ground quickly. (Speed+)
You are covered in thick fur. (AC +2)
Your paws help you pounce on unaware monsters.
You are incapable of wielding weapons or throwing items.
You cannot wear armour.
You gain extra lives every three experience levels.


Message History

There is a stone staircase leading up, spattered with blood here.
The vampire mosquito barely misses you. x2
You block the two-headed ogre's attack.
The two-headed ogre completely misses you.
The vampire mosquito barely misses you.
The kobold demonologist barely misses you.
The vampire mosquito barely misses you.
You climb upwards.
Level annotation: 5 runed translucent doors, Jingleheimer's ghost, journeyman GnWn
There is a stone staircase leading down here.
The vampire mosquito misses you. x2
The vampire mosquito bites you but does no damage.
The two-headed ogre completely misses you. x2
The vampire mosquito misses you.
The two-headed ogre misses you. x2; The vampire mosquito bites you!
The vampire mosquito draws strength from your injuries!
The vampire mosquito bites you.
* * * LOW HITPOINT WARNING * * *
The vampire mosquito draws strength from your injuries!
The vampire mosquito barely misses you. The vampire mosquito misses you.
You block the vampire mosquito's attack.
The kobold demonologist mumbles some strange words.
The vampire mosquito completely misses you.
The vampire mosquito misses you.
The vampire mosquito completely misses you.
The vampire mosquito closely misses you.
There is a stone staircase leading up here.
The vampire mosquito completely misses you. x2
The vampire mosquito barely misses you. The vampire mosquito misses you.
You climb upwards.
There is a stone staircase leading down here.
The vampire mosquito bites you!
* * * LOW HITPOINT WARNING * * *
The vampire mosquito draws strength from your injuries!
The vampire mosquito completely misses you.
The vampire mosquito closely misses you.
The vampire mosquito closely misses you.
The vampire mosquito bites you.
You die...

..##.........##.......#.........#
.........#....#..................
.........#....##.................
.........#....#...#.#.#...##.....
........#.....##..#..##....#.....
....#..###....>..##..##...##..>..
##..#####........###.#..........#
.##...####.....yy# #.##..........
..........(.....@####............
.............................##..
##..........##....###..########..
#...............### #### #...
#..............## ##..
#..............## #..
##..............# #..
#.#....#.......# ###
###########....#


You could see 2 vampire mosquitoes.

Vanquished Creatures
  Harold (D:7)
  A two-headed ogre (D:11)
  A manticore (D:11)
  Joseph (D:7)
  A gargoyle (Bailey)
  2 trolls
  A hornet (D:9)
  A vampire (Bailey)
  2 wraiths
  2 wyverns
  6 yaks
  7 vampire mosquitoes
  Menkaure (D:7)
  2 acid dragons (D:10)
  A water moccasin (D:7)
  An ice beast (D:8)
  2 orc warriors
  2 black bears
  A necrophage (D:5)
  2 sky beasts (D:6)
  2 ogres
  A centaur (D:9)
  A phantom (D:6)
  A kobold brigand (D:9)
  3 bullfrogs
  A wyvern zombie (D:8)
  A scorpion (D:5)
  A water moccasin skeleton (D:5)
  6 killer bees (D:8)
  4 wights (D:6)
  A howler monkey (D:11)
  8 vampire bats (Bailey)
  6 wolf zombies (Bailey)
  3 centaur zombies
  2 jellies
  A centaur skeleton (D:5)
  4 orc priests
  2 hounds
  2 iguanas
  3 orc wizards
  A killer bee zombie (D:7)
  A hound skeleton (D:4)
  2 adders
  14 gnolls
  A howler monkey skeleton (D:7)
  A shadow imp (D:7)
  2 white imps
  An ufetubus (D:7)
  An adder skeleton (D:4)
  An adder zombie (D:5)
  2 worms
  15 orcs
  4 bats
  4 endoplasms
  A giant cockroach (D:2)
  21 goblins
  12 hobgoblins
  15 kobolds
  3 quokkas
  5 ball pythons
  A frilled lizard (D:3)
  25 orc zombies (Bailey)
  5 rats
229 creatures vanquished.

Vanquished Creatures (collateral kills)
  2 ogres (D:5)
2 creatures vanquished.

Vanquished Creatures (others)
  A dancing weapon (D:5)
  7 plants
8 creatures vanquished.

Grand Total: 239 creatures vanquished

Notes
Turn   | Place    | Note
-------+----------+-------------------------------------------
     0 | D:1      | Pemander the Felid Enchanter began the quest for the Orb.
     0 | D:1      | Reached XP level 1. HP: 7/7 MP: 4/4
   534 | D:1      | Reached XP level 2. HP: 11/11 MP: 6/6
   537 | D:1      | Learned a level 2 spell: Ensorcelled Hibernation
   605 | D:1      | Found a faded altar of an unknown god.
   823 | D:2      | Noticed an ogre
   901 | D:2      | Found an iron altar of Okawaru.
   915 | D:2      | Reached skill level 5 in Hexes
  1616 | D:2      | Reached skill level 5 in Stealth
  1762 | D:2      | Reached XP level 3. HP: 10/14 MP: 7/7
  3098 | D:3      | Learned a level 3 spell: Confusing Touch
  3380 | D:3      | You fall into a shaft and drop 1 floor!
  3693 | D:4      | Reached XP level 4. HP: 18/18 MP: 8/8
  4046 | D:4      | Found a hide-covered altar of Uskayaw.
  4047 | D:4      | Found a blossoming altar of Fedhas.
  4424 | D:4      | Reached skill level 6 in Stealth
  5164 | D:4      | Reached XP level 5. HP: 21/21 MP: 9/9
  5320 | D:5      | Entered Level 5 of the Dungeon
  5320 | D:5      | Noticed Ekaitz's ghost (amateur DsEE)
  5320 | D:5      | Found a transporter.
  5326 | D:5      | Noticed a phantom
  5403 | D:5      | Noticed an ogre
  5777 | D:5      | Noticed an ogre
  5889 | D:5      | Found a transporter.
  5914 | D:5      | Learned a level 3 spell: Tukima's Dance
  6400 | D:3      | Noticed Sigmund
  6561 | D:4      | Identified a scroll of acquirement
  6561 | D:4      | Acquired 883 gold pieces
  6655 | D:4      | Killed an ogre
  6656 | D:4      | Reached skill level 7 in Stealth
  6656 | D:4      | Gained mutation: You are covered in thick fur. (AC +2)
                  | [Felid growth]
  6656 | D:4      | Reached XP level 6. HP: 24/24 MP: 4/10
  7341 | D:5      | Reached XP level 7. HP: 26/27 MP: 8/11
  8010 | D:5      | Reached skill level 5 in Dodging
  8190 | D:5      | Reached skill level 1 in Fighting
  9640 | D:6      | Reached skill level 8 in Stealth
  9755 | D:6      | Reached XP level 8. HP: 34/34 MP: 12/12
  9891 | D:6      | Reached skill level 9 in Stealth
 10000 | D:6      | Found a staircase to the Ecumenical Temple.
 10259 | D:6      | Reached skill level 10 in Stealth
 10374 | Temple   | Entered the Ecumenical Temple
 10452 | Temple   | Became a worshipper of Dithmenos the Shadowed
 10480 | D:7      | Reached skill level 5 in Unarmed Combat
 10571 | D:7      | Noticed Harold
 10573 | D:7      | Noticed Menkaure
 10610 | D:7      | Noticed Joseph
 10660 | D:7      | Killed Joseph
 10661 | D:7      | Reached XP level 9. HP: 34/38 MP: 9/13
 10784 | D:7      | Noticed a troll
 10791 | D:7      | Killed a troll
 11058 | D:7      | Learned a level 2 spell: Blink
 11129 | D:7      | Killed Menkaure
 11199 | D:7      | Killed Harold
 11492 | D:8      | Reached skill level 5 in Spellcasting
 11508 | D:8      | Found a flagged portal.
 11534 | Bailey   | Entered a bailey
 11614 | Bailey   | Reached * piety under Dithmenos
 11884 | Bailey   | Noticed a gargoyle
 11890 | Bailey   | Killed a gargoyle
 11905 | Bailey   | Found the macabre finger necklace {rN+}
 11916 | Bailey   | Reached skill level 11 in Stealth
 11916 | Bailey   | Reached XP level 10. HP: 41/42 MP: 6/18
 11927 | Bailey   | Identified the +0 helmet of Terror {rPois Regen+ Str-4
                  | Dex+3}
 12195 | Bailey   | Reached ** piety under Dithmenos
 12255 | Bailey   | Reached skill level 12 in Stealth
 12585 | D:8      | Mangled by a killer bee
 12586 | D:8      | Reached XP level 9. HP: -6/38 MP: 8/17
 12590 | D:8      | Noticed a two-headed ogre
 12607 | D:8      | Reached skill level 13 in Stealth
 12832 | D:8      | Noticed a troll
 13084 | D:9      | Reached skill level 10 in Dodging
 13466 | D:9      | Noticed an efreet
 13467 | D:9      | Noticed a green ugly thing
 13488 | D:9      | Noticed a death yak
 13489 | D:9      | Noticed a death yak
 13490 | D:9      | Noticed a death yak
 13490 | D:9      | Noticed a death yak
 13490 | D:9      | Noticed a death yak
 13510 | D:9      | Noticed a death yak
 13717 | D:9      | Noticed a death yak
 13717 | D:9      | Noticed a death yak
 14409 | D:9      | Reached skill level 5 in Fighting
 14409 | D:9      | Reached XP level 10. HP: 29/44 MP: 7/18
 14901 | D:9      | Found a staircase to the Lair.
 14904 | D:9      | Noticed a death yak
 15197 | D:10     | Entered Level 10 of the Dungeon
 15253 | D:10     | Found an iron altar of Okawaru.
 15253 | D:10     | Found a sacrificial altar of Ru.
 15869 | D:10     | Reached skill level 14 in Stealth
 16244 | D:11     | Found a runed translucent door.
 16245 | D:11     | Identified the +10 trident "Zikkab" {flame, *Rage rElec
                  | rF+}
 16378 | D:11     | Noticed a two-headed ogre
 16386 | D:11     | Killed a two-headed ogre
 16583 | D:11     | Found a sparkling altar of Nemelex Xobeh.
 16637 | D:11     | Reached skill level 15 in Stealth
 16981 | D:11     | Noticed Jingleheimer's ghost (journeyman GnWn)
 17213 | D:11     | Found a huge runed translucent gate.
 17213 | D:11     | Found a huge runed translucent gate.
 17213 | D:11     | Found a huge runed translucent gate.
 17213 | D:11     | Found a huge runed translucent gate.
 17213 | D:11     | Noticed a death yak
 17213 | D:11     | Noticed a manticore
 17249 | D:11     | Noticed a manticore
 17254 | D:11     | Killed a manticore
 17538 | D:12     | Noticed a two-headed ogre
 17548 | D:12     | Noticed a two-headed ogre
 17549 | D:12     | HP: 1/45 [two-headed ogre (7)]
 17555 | D:11     | Slain by a vampire mosquito
 17556 | D:11     | Reached XP level 9. HP: -1/41 MP: 8/17
 17660 | D:10     | HP: 2/41 [vampire mosquito (10)]
 17662 | D:10     | Slain by a vampire mosquito

Illustrated notes

Levels and vault maps discovered:
D:1:      saegor_arrival_miasma, layout_rooms, chequers_ecumenical_altar_twisty,
          minmay_misc_feat_rugged
D:2:      cheibrodos_greedy_goblins, layout_basic, basic_altar
D:3:      layout_rooms, uniq_sigmund
D:4:      layout_basic, mainiacjoe_overflow_divided_tiny
D:5:      corexii_shantytown, layout_basic, gammafunk_ghost_mausoleum
D:6:      layout_gridville, temple_green
D:7:      layout_basic, serial_glass, glass_columns_a, glass_columns_a,
          chequers_arboretum, uniq_menkaure, uniq_joseph, uniq_harold
D:8:      layout_layer_cave, enter_bailey_7, item_on_display_a
D:9:      layout_loops_ring, dpeg_lair_monsters, lightli_corner_chamber
D:10:     layout_cave_pools, minitemple
D:11:     lemuel_bear_cage, layout_stronghold, ebering_ghost_funeral_grove,
          nemelex_diamond_rough_becter
D:12:     layout_long_grid, david_orc_5
Temple:   compressed_dpeg_circular_temple

Skill      XL: |  1  2  3  4  5  6  7  8  9 10 |
---------------+-------------------------------+-----
Hexes          | 5 6 7 |  7.6
Stealth        | 5 6 7 8 10 13 15 | 15.6
Unarmed Combat | 2 3 6 7 |  7.0
Dodging        | 4 6 7 10 11 | 11.0
Fighting       | 3 5 |  5.6
Spellcasting   | 5 |  5.2

Action                   |  1- 3 |  4- 6 |  7- 9 | 10-12 || total
-------------------------+-------+-------+-------+-------++-------
Melee: Unarmed           |    79 |    89 |   299 |   188 ||   655
       Bite              |     4 |     6 |    38 |    18 ||    66
       Punch             |     1 |     3 |    20 |     4 ||    28
 Cast: Ensorcelled Hiber |    30 |    28 |    71 |    17 ||   146
       Confusing Touch   |     1 |     5 |    21 |    16 ||    43
       Tukima's Dance    |       |     4 |     5 |     6 ||    15
Evoke: Wand              |       |       |       |     1 ||     1
  Use: Scroll            |     2 |     5 |     3 |     1 ||    11
       Potion            |       |       |     3 |     4 ||     7
 Stab: Sleeping          |    33 |    19 |    57 |    22 ||   131
       Confused          |     1 |     7 |    17 |    17 ||    42
       Distracted        |     1 |       |     1 |     1 ||     3
       Invisible         |       |       |       |     2 ||     2
Armor: Skin              |     9 |     1 |    10 |     7 ||    27
Dodge: Dodged            |    62 |    41 |   248 |   254 ||   605
Block: Other             |       |    15 |    69 |    67 ||   151
       Reflection        |       |       |     3 |     1 ||     4
